NULL
Full Scoreboard »»

Hurricanes vs Senators

Created - April 23, 2023 at 21:52

Goals
1 2 3 OT1 SO T
Hurricanes 0 2 0 0 1 3
Senators 0 2 0 0 0 2
Shots
1 2 3 OT1 SO T
Hurricanes 8 17 4 0 3 29
Senators 11 13 14 4 3 42

GoalsPenalties
1st period
No Goal
2nd period
1. Senators , Ryan Lomberg 9 (Sammy Blais 11) at 3:58
2. Hurricanes , Adam Henrique 17 (Anthony Mantha 26) at 4:43
3. Senators , Brady Tkachuk 21 (Brad Marchand 37, Tim Stutzle 29) at 8:11
4. Hurricanes , Sebastian Aho 27 (Justin Faulk 30, Ondrej Palat 16) at 10:11
Ryan Lomberg (OTT) for Fighting (Major) at 17:09
Julien Gauthier (CAR) for Fighting (Major) at 17:09
3rd period
No Goal
Nils Hoglander (OTT) for Cross-checking (Minor) at 3:34
Ryan Merkley (CAR) for Hooking (Minor) at 12:28
Denton Mateychuk (OTT) for Roughing (Minor) at 17:15
Overtime #1
No Goal
Shootout
Hurricanes, Sebastian Aho - Stopped by Sergei Bobrovsky
Senators, Brad Marchand - Shot Misses the Net
Hurricanes, Ondrej Palat - Stopped by Sergei Bobrovsky
Senators, Brady Tkachuk - Stopped by Matt Murray
Hurricanes, Viktor Arvidsson - Goal!
Senators, Jakub Voracek - Shot Misses the Net
Goalie Stats
Matt Murray (CAR), 40 saves from 42 shots - (0.952), W, 16-15-5, 65:00 minutes
Sergei Bobrovsky (OTT), 27 saves from 29 shots - (0.931), OTL, 32-24-9, 65:00 minutes
3 StarsOfficial
1 - Matt Murray (CAR)
2 - Adam Henrique (CAR)
3 - Brady Tkachuk (OTT)
Referees : Unknown
Linesman : Unknown
Game Note
Ryan Lomberg and Julien Gauthier fight to a draw at 17:09 of 2nd period



Team Name Goals Shots Shots Attemp Shots Blocked PIM HIT PP PK FO%
Hurricanes 3296097340 / 2 (0%)058%
Senators 2426999320 / 1 (0%)042%

Hurricanes
Player Name POS G A P +/- PIM HIT SHT SB MP PP MP PP SHT PK MP PK SHT FO% FOT GA TA
Adam HenriqueC/LW1011042018:561:4500:00060% 1500
Anthony ManthaLW/RW0111020020:281:5200:5600% 110
Cam AtkinsonC/RW0000037218:140:2200:00070% 1021
Christopher TanevD0000000019:592:0201:0700% 001
Elliot DesnoyersLW000000007:100:0000:0000% 000
Julien GauthierRW0000521014:210:0600:0000% 001
Justin FaulkD0110031225:392:0201:0700% 021
Logan MaillouxD000000005:140:0000:0000% 000
Matthew SavoieC0000001010:150:0000:00080% 510
Ondrej PalatLW/RW011-1023019:192:0021:0300% 221
Rasmus SandinD0000010219:061:5600:5200% 001
Robert HaggD0000010118:081:5600:5200% 001
Robert ThomasC/RW0001013018:421:4500:000100% 111
Ryan MerkleyD0000212018:270:0000:0000% 002
Sean KuralyC/LW/RW0000044016:580:1300:00025% 411
Sebastian AhoC/LW/RW101-1063124:381:5101:03060% 2510
Timothy LiljegrenD0000020118:270:0000:0000% 003
Viktor ArvidssonLW/RW000-1022018:582:0000:56033% 311
Senators
Player Name POS G A P +/- PIM HIT SHT SB MP PP MP PP SHT PK MP PK SHT FO% FOT GA TA
Brad MarchandLW/RW0111043119:251:1210:5400% 221
Brady TkachukLW1011048017:591:1210:000100% 400
Brent BurnsD0001002022:481:1300:0000% 044
Craig SmithC/LW/RW0000003017:220:4700:21035% 2020
Denton MateychukD000-1201320:331:1300:0000% 010
Jakub VoracekLW/RW0000002017:070:4710:000100% 100
Jeremy LauzonD0000020218:470:0001:3400% 002
Jonas SiegenthalerD000-1020220:170:4601:3400% 000
Kevin LabancLW/RW000-2023017:320:0002:060100% 120
Lias AnderssonC/LW000-2021017:200:0002:01025% 1200
Max ComtoisLW/RW0000053017:060:4700:000100% 201
Nils HoglanderLW/RW000-2233017:260:0000:5800% 010
Ryan LindgrenD0001023022:410:0002:2400% 032
Ryan LombergLW/RW101151208:050:0000:0000% 000
Ryan ReavesRW000100008:250:0000:0000% 000
Sammy BlaisLW/RW0111003010:270:0001:36025% 400
Tim StutzleC/LW/RW0111035017:421:1200:00045% 2001
Zach WhitecloudD0000020119:570:4602:2400% 001

Hurricanes

5 vs 5 Forward
Line #Left WingCenterRight WingPHYDFOFWanted %Time %Time Play
1Ondrej PalatSebastian AhoViktor Arvidsson1223028%15:17
2Anthony ManthaAdam HenriqueRobert Thomas1223030%16:16
3Sean KuralyCam AtkinsonJulien Gauthier1223028%15:20
4Elliot DesnoyersMatthew SavoieSebastian Aho1221013%7:10
5 vs 5 Defense
Line #DefenseDefensePHYDFOFWanted %Time %Time Play
1Justin FaulkChristopher Tanev1223028%15:02
2Rasmus SandinRobert Hagg1223028%15:20
3Timothy LiljegrenRyan Merkley1223034%18:27
4Logan MaillouxJustin Faulk1221010%5:14
Power Play Forward
Line #Left WingCenterRight WingPHYDFOFWanted %Time %Time Play
1Ondrej PalatSebastian AhoViktor Arvidsson1225053%2:06
2Anthony ManthaAdam HenriqueRobert Thomas1225047%1:52
Power Play Defense
Line #DefenseDefensePHYDFOFWanted %Time %Time Play
1Justin FaulkChristopher Tanev1225051%2:02
2Rasmus SandinRobert Hagg1225049%1:56
Penalty Kill 4 Players Forward
Line #CenterWingPHYDFOFWanted %Time %Time Play
1Sebastian AhoOndrej Palat1225053%1:03
2Viktor ArvidssonAnthony Mantha1225047%0:56
Penalty Kill 4 Players Defense
Line #DefenseDefensePHYDFOFWanted %Time %Time Play
1Justin FaulkChristopher Tanev1225056%1:07
2Rasmus SandinRobert Hagg1225044%0:52
Penalty Kill 3 Players
Line #WingPHYDFOFWanted %Time %Time PlayDefenseDefensePHYDFOFWanted %Time %Time Play
1Sebastian Aho122500%0:00 Justin FaulkChristopher Tanev122500%0:00
2Ondrej Palat122500%0:00 Rasmus SandinRobert Hagg122500%0:00
4 vs 4 Forward
Line #CenterWingPHYDFOFWanted %Time %Time Play
1Sebastian AhoOndrej Palat122500%0:00
2Viktor ArvidssonAnthony Mantha122500%0:00
4 vs 4 Defense
Line #DefensePHYDFOFWanted %Time %Time Play
1Justin FaulkChristopher Tanev122500%0:00
2Rasmus SandinRobert Hagg122500%0:00
Last Minutes Offensive
Left WingCenterRight WingDefenseDefense
Ondrej PalatSebastian AhoViktor ArvidssonJustin FaulkChristopher Tanev
Last Minutes Defensive
Left WingCenterRight WingDefenseDefense
Ondrej PalatSebastian AhoViktor ArvidssonJustin FaulkChristopher Tanev
Time
Total ForwardTotal DefenseLast Minutes OffensiveLast Minutes Defensive
60:00 60:00 0:000:00
Extra Forwards
Normal PowerPlayPenalty Kill
Cam Atkinson, Sean Kuraly, Matthew SavoieCam Atkinson, Sean KuralyMatthew Savoie
Extra Defensemen
Normal PowerPlayPenalty Kill
Timothy Liljegren, Ryan Merkley, Logan MaillouxTimothy Liljegren, Ryan MerkleyLogan Mailloux
Penalty Shots
Sebastian Aho, Ondrej Palat, Viktor Arvidsson, Anthony Mantha, Adam Henrique
Goalie
Matt Murray, Jake Oettinger
Custom OT Lines Forwards
Sebastian Aho, Ondrej Palat, Viktor Arvidsson, Anthony Mantha, Adam Henrique, Robert Thomas, Cam Atkinson, Sean Kuraly, Matthew Savoie, Julien Gauthier
Custom OT Lines Defensemen
Justin Faulk, Christopher Tanev, Rasmus Sandin, Robert Hagg, Timothy Liljegren
Scratches
Andreas Athanasiou (Healthy), Mitch Marner (Healthy)

Senators

5 vs 5 Forward
Line #Left WingCenterRight WingPHYDFOFWanted %Time %Time Play
1Brady TkachukTim StutzleBrad Marchand1133028%15:07
2Jakub VoracekCraig SmithMax Comtois1223028%15:12
3Nils HoglanderLias AnderssonKevin Labanc1223028%15:19
4Ryan LombergSammy BlaisRyan Reaves5001016%8:25
5 vs 5 Defense
Line #DefenseDefensePHYDFOFWanted %Time %Time Play
1Brent BurnsRyan Lindgren1223435%19:01
2Denton MateychukJonas Siegenthaler1223333%17:57
3Zach WhitecloudJeremy Lauzon1223331%16:47
4Brent BurnsRyan Lindgren12201%0:18
Power Play Forward
Line #Left WingCenterRight WingPHYDFOFWanted %Time %Time Play
1Brady TkachukTim StutzleBrad Marchand1225061%1:12
2Jakub VoracekCraig SmithMax Comtois1225039%0:47
Power Play Defense
Line #DefenseDefensePHYDFOFWanted %Time %Time Play
1Brent BurnsDenton Mateychuk1136061%1:13
2Zach WhitecloudJonas Siegenthaler1224039%0:46
Penalty Kill 4 Players Forward
Line #CenterWingPHYDFOFWanted %Time %Time Play
1Lias AnderssonNils Hoglander1225058%2:19
2Sammy BlaisKevin Labanc1225042%1:39
Penalty Kill 4 Players Defense
Line #DefenseDefensePHYDFOFWanted %Time %Time Play
1Zach WhitecloudRyan Lindgren1225061%2:24
2Jeremy LauzonJonas Siegenthaler1225039%1:34
Penalty Kill 3 Players
Line #WingPHYDFOFWanted %Time %Time PlayDefenseDefensePHYDFOFWanted %Time %Time Play
1Brad Marchand122500%0:00 Brent BurnsRyan Lindgren122500%0:00
2Brady Tkachuk122500%0:00 Denton MateychukJonas Siegenthaler122500%0:00
4 vs 4 Forward
Line #CenterWingPHYDFOFWanted %Time %Time Play
1Brad MarchandBrady Tkachuk122500%0:00
2Jakub VoracekTim Stutzle122500%0:00
4 vs 4 Defense
Line #DefensePHYDFOFWanted %Time %Time Play
1Brent BurnsRyan Lindgren122500%0:00
2Denton MateychukJonas Siegenthaler122500%0:00
Last Minutes Offensive
Left WingCenterRight WingDefenseDefense
Brad MarchandTim StutzleJakub VoracekBrent BurnsRyan Lindgren
Last Minutes Defensive
Left WingCenterRight WingDefenseDefense
Brad MarchandTim StutzleJakub VoracekBrent BurnsRyan Lindgren
Time
Total ForwardTotal DefenseLast Minutes OffensiveLast Minutes Defensive
60:00 60:00 0:000:00
Extra Forwards
Normal PowerPlayPenalty Kill
Sammy Blais, Nils Hoglander, Kevin LabancSammy Blais, Nils HoglanderKevin Labanc
Extra Defensemen
Normal PowerPlayPenalty Kill
Zach Whitecloud, Jeremy Lauzon, Denton MateychukZach Whitecloud, Jeremy LauzonDenton Mateychuk
Penalty Shots
Brad Marchand, Brady Tkachuk, Jakub Voracek, Tim Stutzle, Craig Smith
Goalie
Sergei Bobrovsky, Carey Price
Custom OT Lines Forwards
Brad Marchand, Brady Tkachuk, Jakub Voracek, Tim Stutzle, Craig Smith, Max Comtois, Nils Hoglander, Kevin Labanc, Ryan Lomberg, Ryan Reaves
Custom OT Lines Defensemen
Brent Burns, Ryan Lindgren, Denton Mateychuk, Jonas Siegenthaler, Zach Whitecloud
Scratches
Brett Kulak (Healthy), Lenni Killinen (Healthy)


Play-by-Play

1st period


0:01 of 1st period - Sebastian Aho wins face-off versus Tim Stutzle in neutral zone.
0:50 of 1st period - Snap shot by Brent Burns.
0:50 of 1st period - Shot Blocked by Robert Hagg.
0:52 of 1st period - Slapshot by Ryan Lindgren.
0:52 of 1st period - Stopped by Matt Murray without a rebound.
0:53 of 1st period - Matthew Savoie wins face-off versus Lias Andersson in Hurricanes zone.
1:58 of 1st period - Snap shot by Kevin Labanc.
1:58 of 1st period - Stopped by Matt Murray without a rebound.
1:59 of 1st period - Cam Atkinson wins face-off versus Tim Stutzle in Hurricanes zone.
2:05 of 1st period - Off-side.
2:06 of 1st period - Tim Stutzle wins face-off versus Cam Atkinson in neutral zone.
2:45 of 1st period - Robert Hagg is hit by Jeremy Lauzon and loses puck.
2:56 of 1st period - Snap shot by Adam Henrique.
2:56 of 1st period - Shot Misses the Net.
2:58 of 1st period - Snap shot by Rasmus Sandin.
2:58 of 1st period - Shot Misses the Net.
3:04 of 1st period - Snap shot by Sebastian Aho.
3:04 of 1st period - Shot Blocked by Denton Mateychuk.
4:09 of 1st period - Snap shot by Sammy Blais.
4:09 of 1st period - Stopped by Matt Murray without a rebound.
4:10 of 1st period - Tim Stutzle wins face-off versus Sean Kuraly in Hurricanes zone.
4:37 of 1st period - Snap shot by Craig Smith.
4:37 of 1st period - Stopped by Matt Murray with a rebound.
5:01 of 1st period - Snap shot by Kevin Labanc.
5:01 of 1st period - Stopped by Matt Murray without a rebound.
5:02 of 1st period - Cam Atkinson wins face-off versus Lias Andersson in Hurricanes zone.
5:02 of 1st period - Cam Atkinson is hit by Lias Andersson.
5:22 of 1st period - Brent Burns is hit by Sean Kuraly.
5:31 of 1st period - Off-side.
5:32 of 1st period - Brady Tkachuk wins face-off versus Adam Henrique in neutral zone.
6:00 of 1st period - Snap shot by Sebastian Aho.
6:00 of 1st period - Shot Blocked by Denton Mateychuk.
6:20 of 1st period - Slapshot by Denton Mateychuk.
6:20 of 1st period - Shot Misses the Net.
6:38 of 1st period - Justin Faulk is hit by Nils Hoglander and loses puck.
6:55 of 1st period - Snap shot by Sebastian Aho.
6:55 of 1st period - Stopped by Sergei Bobrovsky without a rebound.
6:56 of 1st period - Sebastian Aho wins face-off versus Tim Stutzle in Senators zone.
7:48 of 1st period - Snap shot by Cam Atkinson.
7:48 of 1st period - Deflect By Julien Gauthier.
7:48 of 1st period - Stopped by Sergei Bobrovsky with a rebound.
8:09 of 1st period - Wrist shot by Cam Atkinson.
8:09 of 1st period - Stopped by Sergei Bobrovsky with a rebound.
8:27 of 1st period - Snap shot by Cam Atkinson.
8:27 of 1st period - Stopped by Sergei Bobrovsky with a rebound.
9:23 of 1st period - Slapshot by Ryan Lindgren.
9:23 of 1st period - Stopped by Matt Murray without a rebound.
9:24 of 1st period - Sebastian Aho wins face-off versus Craig Smith in Hurricanes zone.
9:39 of 1st period - Snap shot by Jakub Voracek.
9:39 of 1st period - Stopped by Matt Murray with a rebound.
9:49 of 1st period - Snap shot by Brad Marchand.
9:49 of 1st period - Shot Misses the Net.
10:36 of 1st period - Craig Smith is hit by Sebastian Aho and loses puck.
11:05 of 1st period - Icing by Justin Faulk.
11:06 of 1st period - Craig Smith wins face-off versus Matthew Savoie in Hurricanes zone.
11:23 of 1st period - Logan Mailloux is hit by Ryan Lomberg and loses puck.
11:28 of 1st period - Wrist shot by Sammy Blais.
11:28 of 1st period - Stopped by Matt Murray without a rebound.
11:29 of 1st period - Sammy Blais wins face-off versus Sebastian Aho in Hurricanes zone.
11:44 of 1st period - Snap shot by Viktor Arvidsson.
11:44 of 1st period - Shot Misses the Net.
12:43 of 1st period - Snap shot by Kevin Labanc.
12:43 of 1st period - Shot Misses the Net.
12:55 of 1st period - Backhand shot by Cam Atkinson.
12:55 of 1st period - Stopped by Sergei Bobrovsky without a rebound.
12:56 of 1st period - Cam Atkinson wins face-off versus Tim Stutzle in Senators zone.
13:07 of 1st period - Snap shot by Cam Atkinson.
13:07 of 1st period - Shot Blocked by Jonas Siegenthaler.
13:23 of 1st period - Wrist shot by Jakub Voracek.
13:23 of 1st period - Shot Blocked by Sebastian Aho.
13:25 of 1st period - Snap shot by Jakub Voracek.
13:25 of 1st period - Deflect By Max Comtois.
13:25 of 1st period - Stopped by Matt Murray without a rebound.
13:26 of 1st period - Tim Stutzle wins face-off versus Adam Henrique in Hurricanes zone.
13:53 of 1st period - Jakub Voracek is hit by Timothy Liljegren and loses puck.
14:11 of 1st period - Icing by Jakub Voracek.
14:12 of 1st period - Cam Atkinson wins face-off versus Lias Andersson in Senators zone.
14:13 of 1st period - Slapshot by Justin Faulk.
14:13 of 1st period - Deflect By Ryan Lindgren.
14:13 of 1st period - Stopped by Sergei Bobrovsky with a rebound.
14:31 of 1st period - Ryan Lindgren is hit by Sean Kuraly and loses puck.
14:38 of 1st period - Wrist shot by Cam Atkinson.
14:38 of 1st period - Stopped by Sergei Bobrovsky with a rebound.
15:24 of 1st period - Snap shot by Nils Hoglander.
15:24 of 1st period - Stopped by Matt Murray without a rebound.
15:25 of 1st period - Craig Smith wins face-off versus Sebastian Aho in Hurricanes zone.
15:50 of 1st period - Craig Smith is hit by Justin Faulk and loses puck.
16:13 of 1st period - Jeremy Lauzon is hit by Sebastian Aho.
16:19 of 1st period - Sebastian Aho is hit by Tim Stutzle and loses puck.
16:52 of 1st period - Brady Tkachuk is hit by Adam Henrique and loses puck.
17:21 of 1st period - Justin Faulk is hit by Max Comtois and loses puck.
17:36 of 1st period - Jonas Siegenthaler is hit by Sean Kuraly and loses puck.
18:16 of 1st period - Timothy Liljegren is hit by Max Comtois and loses puck.
18:37 of 1st period - Brady Tkachuk is hit by Ondrej Palat and loses puck.
19:14 of 1st period - Cam Atkinson is hit by Kevin Labanc and loses puck.
19:37 of 1st period - Wrist shot by Matthew Savoie.
19:37 of 1st period - Deflect By Viktor Arvidsson.
19:37 of 1st period - Stopped by Sergei Bobrovsky without a rebound.
19:38 of 1st period - Matthew Savoie wins face-off versus Tim Stutzle in Senators zone.
19:49 of 1st period - Slapshot by Brady Tkachuk.
19:49 of 1st period - Stopped by Matt Murray without a rebound.
19:50 of 1st period - Craig Smith wins face-off versus Sebastian Aho in Hurricanes zone.
Goals for this period are 0 for Hurricanes vs 0 for Senators.
Shots for this period are 8 for Hurricanes vs 11 for Senators.

2nd period


0:01 of 2nd period - Tim Stutzle wins face-off versus Ondrej Palat in neutral zone.
1:01 of 2nd period - Wrist shot by Sebastian Aho.
1:01 of 2nd period - Shot Misses the Net.
1:03 of 2nd period - Wrist shot by Ondrej Palat.
1:03 of 2nd period - Stopped by Sergei Bobrovsky without a rebound.
1:04 of 2nd period - Adam Henrique wins face-off versus Craig Smith in Senators zone.
1:09 of 2nd period - Slapshot by Adam Henrique.
1:09 of 2nd period - Shot Misses the Net.
1:29 of 2nd period - Brad Marchand is hit by Julien Gauthier and loses puck.
1:34 of 2nd period - Wrist shot by Cam Atkinson.
1:34 of 2nd period - Stopped by Sergei Bobrovsky with a rebound.
1:36 of 2nd period - Slapshot by Ryan Merkley.
1:36 of 2nd period - Stopped by Sergei Bobrovsky with a rebound.
1:38 of 2nd period - Backhand shot by Sean Kuraly.
1:38 of 2nd period - Stopped by Sergei Bobrovsky without a rebound.
1:39 of 2nd period - Cam Atkinson wins face-off versus Craig Smith in Senators zone.
1:52 of 2nd period - Wrist shot by Sean Kuraly.
1:52 of 2nd period - Stopped by Sergei Bobrovsky without a rebound.
1:53 of 2nd period - Tim Stutzle wins face-off versus Adam Henrique in Senators zone.
2:15 of 2nd period - Icing by Robert Thomas.
2:16 of 2nd period - Sebastian Aho wins face-off versus Craig Smith in Hurricanes zone.
2:16 of 2nd period - Sebastian Aho is hit by Max Comtois.
2:42 of 2nd period - Robert Thomas is hit by Tim Stutzle and loses puck.
3:11 of 2nd period - Timothy Liljegren is hit by Nils Hoglander and loses puck.
3:36 of 2nd period - Ryan Lomberg is hit by Sebastian Aho and loses puck.
3:56 of 2nd period - Snap shot by Ryan Lomberg.
3:56 of 2nd period - Stopped by Matt Murray with a rebound.
3:58 of 2nd period - Wrist shot by Ryan Lomberg.
3:58 of 2nd period - Goal by Ryan Lomberg - Hurricanes : 0 - Senators : 1.
3:59 of 2nd period - Adam Henrique wins face-off versus Craig Smith in neutral zone.
4:24 of 2nd period - Tim Stutzle is hit by Cam Atkinson and loses puck.
4:29 of 2nd period - Slapshot by Cam Atkinson.
4:29 of 2nd period - Shot Misses the Net.
4:33 of 2nd period - Wrist shot by Cam Atkinson.
4:33 of 2nd period - Deflect By Sean Kuraly.
4:33 of 2nd period - Stopped by Sergei Bobrovsky with a rebound.
4:35 of 2nd period - Slapshot by Ryan Merkley.
4:35 of 2nd period - Deflect By Tim Stutzle.
4:35 of 2nd period - Stopped by Sergei Bobrovsky with a rebound.
4:37 of 2nd period - Slapshot by Cam Atkinson.
4:37 of 2nd period - Stopped by Sergei Bobrovsky without a rebound.
4:38 of 2nd period - Adam Henrique wins face-off versus Lias Andersson in Senators zone.
4:43 of 2nd period - Snap shot by Adam Henrique.
4:43 of 2nd period - Deflect By Nils Hoglander.
4:43 of 2nd period - Goal by Adam Henrique - Hurricanes : 1 - Senators : 1.
4:44 of 2nd period - Adam Henrique wins face-off versus Craig Smith in neutral zone.
4:47 of 2nd period - Slapshot by Robert Thomas.
4:47 of 2nd period - Shot Blocked by Jeremy Lauzon.
4:49 of 2nd period - Slapshot by Christopher Tanev.
4:49 of 2nd period - Deflect By Robert Thomas.
4:49 of 2nd period - Shot Misses the Net.
4:49 of 2nd period - Puck is out of play.
4:50 of 2nd period - Adam Henrique wins face-off versus Craig Smith in Senators zone.
4:53 of 2nd period - Snap shot by Robert Thomas.
4:53 of 2nd period - Stopped by Sergei Bobrovsky without a rebound.
4:54 of 2nd period - Craig Smith wins face-off versus Adam Henrique in Senators zone.
4:54 of 2nd period - Craig Smith is hit by Adam Henrique.
5:02 of 2nd period - Snap shot by Craig Smith.
5:02 of 2nd period - Shot Misses the Net.
5:12 of 2nd period - Wrist shot by Robert Thomas.
5:12 of 2nd period - Stopped by Sergei Bobrovsky with a rebound.
5:14 of 2nd period - Snap shot by Robert Thomas.
5:14 of 2nd period - Deflect By Adam Henrique.
5:14 of 2nd period - Shot Misses the Net.
5:14 of 2nd period - Puck is out of play.
5:15 of 2nd period - Sebastian Aho wins face-off versus Tim Stutzle in Senators zone.
7:24 of 2nd period - Off-side.
7:25 of 2nd period - Matthew Savoie wins face-off versus Craig Smith in neutral zone.
7:36 of 2nd period - Slapshot by Matthew Savoie.
7:36 of 2nd period - Stopped by Sergei Bobrovsky without a rebound.
7:37 of 2nd period - Tim Stutzle wins face-off versus Ondrej Palat in Senators zone.
7:44 of 2nd period - Brady Tkachuk is hit by Sebastian Aho.
7:45 of 2nd period - Icing by Brady Tkachuk.
7:46 of 2nd period - Sebastian Aho wins face-off versus Tim Stutzle in Senators zone.
8:11 of 2nd period - Wrist shot by Brady Tkachuk.
8:11 of 2nd period - Goal by Brady Tkachuk - Hurricanes : 1 - Senators : 2.
8:12 of 2nd period - Jakub Voracek wins face-off versus Anthony Mantha in neutral zone.
8:23 of 2nd period - Snap shot by Robert Thomas.
8:23 of 2nd period - Stopped by Sergei Bobrovsky without a rebound.
8:24 of 2nd period - Tim Stutzle wins face-off versus Adam Henrique in Senators zone.
9:09 of 2nd period - Ryan Lindgren is hit by Robert Hagg and loses puck.
9:14 of 2nd period - Wrist shot by Sean Kuraly.
9:14 of 2nd period - Stopped by Sergei Bobrovsky without a rebound.
9:15 of 2nd period - Craig Smith wins face-off versus Cam Atkinson in Senators zone.
9:25 of 2nd period - Snap shot by Craig Smith.
9:25 of 2nd period - Shot Blocked by Cam Atkinson.
9:41 of 2nd period - Justin Faulk is hit by Brad Marchand.
9:45 of 2nd period - Snap shot by Brady Tkachuk.
9:45 of 2nd period - Shot Misses the Net.
9:47 of 2nd period - Backhand shot by Jonas Siegenthaler.
9:47 of 2nd period - Shot Misses the Net.
9:49 of 2nd period - Snap shot by Brady Tkachuk.
9:49 of 2nd period - Stopped by Matt Murray with a rebound.
9:51 of 2nd period - Slapshot by Denton Mateychuk.
9:51 of 2nd period - Shot Misses the Net.
10:05 of 2nd period - Snap shot by Viktor Arvidsson.
10:05 of 2nd period - Shot Blocked by Jonas Siegenthaler.
10:07 of 2nd period - Wrist shot by Ondrej Palat.
10:07 of 2nd period - Shot Misses the Net.
10:09 of 2nd period - Backhand shot by Justin Faulk.
10:09 of 2nd period - Shot Misses the Net.
10:11 of 2nd period - Wrist shot by Sebastian Aho.
10:11 of 2nd period - Goal by Sebastian Aho - Hurricanes : 2 - Senators : 2.
10:12 of 2nd period - Craig Smith wins face-off versus Viktor Arvidsson in neutral zone.
10:38 of 2nd period - Jeremy Lauzon is hit by Adam Henrique and loses puck.
11:12 of 2nd period - Ryan Merkley is hit by Brady Tkachuk and loses puck.
11:25 of 2nd period - Snap shot by Craig Smith.
11:25 of 2nd period - Stopped by Matt Murray with a rebound.
11:27 of 2nd period - Slapshot by Denton Mateychuk.
11:27 of 2nd period - Shot Blocked by Timothy Liljegren.
12:12 of 2nd period - Snap shot by Robert Thomas.
12:12 of 2nd period - Shot Blocked by Jeremy Lauzon.
12:53 of 2nd period - Justin Faulk is hit by Max Comtois and loses puck.
13:12 of 2nd period - Slapshot by Justin Faulk.
13:12 of 2nd period - Deflect By Adam Henrique.
13:12 of 2nd period - Stopped by Sergei Bobrovsky without a rebound.
13:13 of 2nd period - Adam Henrique wins face-off versus Sammy Blais in Senators zone.
13:40 of 2nd period - Snap shot by Robert Thomas.
13:40 of 2nd period - Shot Misses the Net.
13:42 of 2nd period - Slapshot by Justin Faulk.
13:42 of 2nd period - Shot Misses the Net.
13:44 of 2nd period - Snap shot by Anthony Mantha.
13:44 of 2nd period - Deflect By Robert Thomas.
13:44 of 2nd period - Shot Misses the Net.
13:44 of 2nd period - Puck is out of play.
13:45 of 2nd period - Sebastian Aho wins face-off versus Tim Stutzle in Senators zone.
14:33 of 2nd period - Snap shot by Jakub Voracek.
14:33 of 2nd period - Shot Misses the Net.
14:55 of 2nd period - Wrist shot by Sammy Blais.
14:55 of 2nd period - Stopped by Matt Murray with a rebound.
15:03 of 2nd period - Jonas Siegenthaler is hit by Sebastian Aho and loses puck.
15:12 of 2nd period - Slapshot by Denton Mateychuk.
15:12 of 2nd period - Stopped by Matt Murray without a rebound.
15:13 of 2nd period - Sean Kuraly wins face-off versus Tim Stutzle in Hurricanes zone.
15:20 of 2nd period - Slapshot by Brady Tkachuk.
15:20 of 2nd period - Shot Blocked by Cam Atkinson.
15:22 of 2nd period - Slapshot by Ryan Lindgren.
15:22 of 2nd period - Stopped by Matt Murray with a rebound.
15:24 of 2nd period - Snap shot by Brady Tkachuk.
15:24 of 2nd period - Deflect By Brad Marchand.
15:24 of 2nd period - Shot Misses the Net.
15:24 of 2nd period - Puck is out of play.
15:25 of 2nd period - Adam Henrique wins face-off versus Lias Andersson in Hurricanes zone.
15:25 of 2nd period - Anthony Mantha is hit by Kevin Labanc.
15:31 of 2nd period - Nils Hoglander is hit by Robert Thomas and loses puck.
16:02 of 2nd period - Wrist shot by Craig Smith.
16:02 of 2nd period - Shot Blocked by Justin Faulk.
16:04 of 2nd period - Snap shot by Jeremy Lauzon.
16:04 of 2nd period - Deflect By Craig Smith.
16:04 of 2nd period - Shot Misses the Net.
16:04 of 2nd period - Puck is out of play.
16:05 of 2nd period - Cam Atkinson wins face-off versus Tim Stutzle in Hurricanes zone.
16:16 of 2nd period - Snap shot by Brady Tkachuk.
16:16 of 2nd period - Shot Misses the Net.
16:35 of 2nd period - Jakub Voracek is hit by Viktor Arvidsson and loses puck.
16:40 of 2nd period - Slapshot by Viktor Arvidsson.
16:40 of 2nd period - Deflect By Sebastian Aho.
16:40 of 2nd period - Stopped by Sergei Bobrovsky with a rebound.
16:56 of 2nd period - Slapshot by Kevin Labanc.
16:56 of 2nd period - Stopped by Matt Murray with a rebound.
16:58 of 2nd period - Snap shot by Nils Hoglander.
16:58 of 2nd period - Stopped by Matt Murray with a rebound.
17:00 of 2nd period - Snap shot by Ryan Lindgren.
17:00 of 2nd period - Deflect By Nils Hoglander.
17:00 of 2nd period - Stopped by Matt Murray with a rebound.
17:02 of 2nd period - Snap shot by Kevin Labanc.
17:02 of 2nd period - Shot Misses the Net.
17:09 of 2nd period - Ryan Lomberg and Julien Gauthier fight to a draw.
17:09 of 2nd period - Penalty to Ryan Lomberg for Fighting.
17:09 of 2nd period - Penalty to Julien Gauthier for Fighting.
17:10 of 2nd period - Sebastian Aho wins face-off versus Brad Marchand in neutral zone.
17:22 of 2nd period - Off-side.
17:23 of 2nd period - Sebastian Aho wins face-off versus Tim Stutzle in neutral zone.
17:38 of 2nd period - Snap shot by Ondrej Palat.
17:38 of 2nd period - Shot Blocked by Denton Mateychuk.
18:09 of 2nd period - Jeremy Lauzon is hit by Anthony Mantha and loses puck.
18:53 of 2nd period - Off-side.
18:54 of 2nd period - Tim Stutzle wins face-off versus Cam Atkinson in neutral zone.
19:03 of 2nd period - Wrist shot by Tim Stutzle.
19:03 of 2nd period - Stopped by Matt Murray without a rebound.
19:04 of 2nd period - Sebastian Aho wins face-off versus Craig Smith in Hurricanes zone.
19:55 of 2nd period - Slapshot by Brad Marchand.
19:55 of 2nd period - Shot Misses the Net.
19:57 of 2nd period - Snap shot by Brad Marchand.
19:57 of 2nd period - Stopped by Matt Murray with a rebound.
Goals for this period are 2 for Hurricanes vs 2 for Senators.
Shots for this period are 17 for Hurricanes vs 13 for Senators.

3rd period


0:01 of 3rd period - Sebastian Aho wins face-off versus Craig Smith in neutral zone.
0:10 of 3rd period - Slapshot by Craig Smith.
0:10 of 3rd period - Stopped by Matt Murray without a rebound.
0:11 of 3rd period - Lias Andersson wins face-off versus Adam Henrique in Hurricanes zone.
0:16 of 3rd period - Wrist shot by Nils Hoglander.
0:16 of 3rd period - Deflect By Lias Andersson.
0:16 of 3rd period - Stopped by Matt Murray without a rebound.
0:17 of 3rd period - Robert Thomas wins face-off versus Lias Andersson in Hurricanes zone.
0:17 of 3rd period - Robert Thomas is hit by Lias Andersson.
1:07 of 3rd period - Snap shot by Viktor Arvidsson.
1:07 of 3rd period - Stopped by Sergei Bobrovsky without a rebound.
1:08 of 3rd period - Max Comtois wins face-off versus Sebastian Aho in Senators zone.
1:08 of 3rd period - Craig Smith is hit by Sebastian Aho and loses puck.
1:31 of 3rd period - Max Comtois is hit by Cam Atkinson and loses puck.
1:59 of 3rd period - Robert Thomas is hit by Brady Tkachuk and loses puck.
2:04 of 3rd period - Snap shot by Tim Stutzle.
2:04 of 3rd period - Stopped by Matt Murray with a rebound.
2:06 of 3rd period - Snap shot by Tim Stutzle.
2:06 of 3rd period - Stopped by Matt Murray with a rebound.
2:08 of 3rd period - Backhand shot by Brady Tkachuk.
2:08 of 3rd period - Stopped by Matt Murray without a rebound.
2:09 of 3rd period - Sebastian Aho wins face-off versus Lias Andersson in Hurricanes zone.
2:09 of 3rd period - Sebastian Aho is hit by Nils Hoglander.
2:20 of 3rd period - Icing by Denton Mateychuk.
2:21 of 3rd period - Lias Andersson wins face-off versus Sebastian Aho in Senators zone.
2:27 of 3rd period - Denton Mateychuk is hit by Justin Faulk and loses puck.
2:51 of 3rd period - Slapshot by Brady Tkachuk.
2:51 of 3rd period - Stopped by Matt Murray without a rebound.
2:52 of 3rd period - Brady Tkachuk wins face-off versus Sean Kuraly in Hurricanes zone.
3:17 of 3rd period - Slapshot by Brady Tkachuk.
3:17 of 3rd period - Stopped by Matt Murray with a rebound.
3:19 of 3rd period - Snap shot by Tim Stutzle.
3:19 of 3rd period - Stopped by Matt Murray with a rebound.
3:21 of 3rd period - Slapshot by Brent Burns.
3:21 of 3rd period - Stopped by Matt Murray with a rebound.
3:23 of 3rd period - Wrist shot by Brad Marchand.
3:23 of 3rd period - Stopped by Matt Murray without a rebound.
3:24 of 3rd period - Sebastian Aho wins face-off versus Lias Andersson in Hurricanes zone.
3:34 of 3rd period - Minor Penalty to Nils Hoglander for Cross-checking.
3:35 of 3rd period - Lias Andersson wins face-off versus Sebastian Aho in Senators zone.
3:35 of 3rd period - Lias Andersson is hit by Ondrej Palat.
4:04 of 3rd period - Slapshot by Anthony Mantha.
4:04 of 3rd period - Shot Misses the Net.
4:06 of 3rd period - Wrist shot by Robert Hagg.
4:06 of 3rd period - Shot Blocked by Brad Marchand.
4:08 of 3rd period - Wrist shot by Adam Henrique.
4:08 of 3rd period - Shot Misses the Net.
4:10 of 3rd period - Snap shot by Anthony Mantha.
4:10 of 3rd period - Shot Blocked by Zach Whitecloud.
5:08 of 3rd period - Viktor Arvidsson is hit by Zach Whitecloud and loses puck.
5:21 of 3rd period - Anthony Mantha is hit by Ryan Lindgren and loses puck.
5:34 of 3rd period - Penalty to Nils Hoglander is over, Nils Hoglander is back on ice.
5:38 of 3rd period - Jeremy Lauzon is hit by Julien Gauthier.
5:42 of 3rd period - Snap shot by Cam Atkinson.
5:42 of 3rd period - Stopped by Sergei Bobrovsky with a rebound.
5:44 of 3rd period - Slapshot by Ryan Merkley.
5:44 of 3rd period - Shot Misses the Net.
5:55 of 3rd period - Off-side.
5:56 of 3rd period - Matthew Savoie wins face-off versus Craig Smith in neutral zone.
6:11 of 3rd period - Wrist shot by Craig Smith.
6:11 of 3rd period - Shot Misses the Net.
6:36 of 3rd period - Wrist shot by Sebastian Aho.
6:36 of 3rd period - Deflect By Matthew Savoie.
6:36 of 3rd period - Shot Misses the Net.
6:36 of 3rd period - Puck is out of play.
6:37 of 3rd period - Cam Atkinson wins face-off versus Craig Smith in Senators zone.
6:52 of 3rd period - Snap shot by Sean Kuraly.
6:52 of 3rd period - Shot Misses the Net.
7:02 of 3rd period - Brent Burns is hit by Anthony Mantha and loses puck.
7:21 of 3rd period - Ryan Lomberg is hit by Cam Atkinson and loses puck.
8:10 of 3rd period - Off-side.
8:11 of 3rd period - Kevin Labanc wins face-off versus Sebastian Aho in neutral zone.
8:11 of 3rd period - Kevin Labanc is hit by Justin Faulk.
8:37 of 3rd period - Adam Henrique is hit by Zach Whitecloud and loses puck.
9:02 of 3rd period - Ryan Reaves is hit by Ryan Merkley and loses puck.
9:19 of 3rd period - Craig Smith is hit by Timothy Liljegren and loses puck.
9:26 of 3rd period - Ryan Merkley is hit by Jonas Siegenthaler and loses puck.
9:39 of 3rd period - Ryan Merkley is hit by Brady Tkachuk and loses puck.
9:44 of 3rd period - Wrist shot by Brady Tkachuk.
9:44 of 3rd period - Shot Misses the Net.
10:02 of 3rd period - Cam Atkinson is hit by Jonas Siegenthaler.
10:13 of 3rd period - Icing by Denton Mateychuk.
10:14 of 3rd period - Adam Henrique wins face-off versus Sammy Blais in Senators zone.
10:29 of 3rd period - Snap shot by Anthony Mantha.
10:29 of 3rd period - Shot Misses the Net.
11:49 of 3rd period - Slapshot by Brent Burns.
11:49 of 3rd period - Stopped by Matt Murray without a rebound.
11:50 of 3rd period - Adam Henrique wins face-off versus Lias Andersson in Hurricanes zone.
12:14 of 3rd period - Kevin Labanc is hit by Sean Kuraly.
12:26 of 3rd period - Wrist shot by Nils Hoglander.
12:26 of 3rd period - Shot Misses the Net.
12:28 of 3rd period - Minor Penalty to Ryan Merkley for Hooking.
12:29 of 3rd period - Tim Stutzle wins face-off versus Sebastian Aho in Hurricanes zone.
12:37 of 3rd period - Snap shot by Brad Marchand.
12:37 of 3rd period - Stopped by Matt Murray without a rebound.
12:38 of 3rd period - Sebastian Aho wins face-off versus Brad Marchand in Hurricanes zone.
12:38 of 3rd period - Sebastian Aho is hit by Brad Marchand.
12:56 of 3rd period - Slapshot by Brent Burns.
12:56 of 3rd period - Shot Misses the Net.
12:58 of 3rd period - Snap shot by Brady Tkachuk.
12:58 of 3rd period - Stopped by Matt Murray without a rebound.
12:59 of 3rd period - Craig Smith wins face-off versus Viktor Arvidsson in Hurricanes zone.
13:00 of 3rd period - Slapshot by Jakub Voracek.
13:00 of 3rd period - Stopped by Matt Murray without a rebound.
13:01 of 3rd period - Viktor Arvidsson wins face-off versus Craig Smith in Hurricanes zone.
13:31 of 3rd period - Slapshot by Denton Mateychuk.
13:31 of 3rd period - Shot Blocked by Rasmus Sandin.
13:33 of 3rd period - Wrist shot by Brady Tkachuk.
13:33 of 3rd period - Shot Misses the Net.
13:35 of 3rd period - Slapshot by Brad Marchand.
13:35 of 3rd period - Shot Blocked by Rasmus Sandin.
14:28 of 3rd period - Penalty to Ryan Merkley is over, Ryan Merkley is back on ice.
15:08 of 3rd period - Jakub Voracek is hit by Adam Henrique and loses puck.
15:46 of 3rd period - Rasmus Sandin is hit by Jeremy Lauzon and loses puck.
16:14 of 3rd period - Wrist shot by Cam Atkinson.
16:14 of 3rd period - Shot Misses the Net.
17:15 of 3rd period - Minor Penalty to Denton Mateychuk for Roughing.
17:16 of 3rd period - Sebastian Aho wins face-off versus Sammy Blais in Senators zone.
17:16 of 3rd period - Wrist shot by Viktor Arvidsson.
17:16 of 3rd period - Deflect By Ondrej Palat.
17:16 of 3rd period - Stopped by Sergei Bobrovsky with a rebound.
17:18 of 3rd period - Snap shot by Ondrej Palat.
17:18 of 3rd period - Stopped by Sergei Bobrovsky with a rebound.
17:32 of 3rd period - Nils Hoglander is hit by Viktor Arvidsson and loses puck.
19:15 of 3rd period - Penalty to Denton Mateychuk is over, Denton Mateychuk is back on ice.
19:24 of 3rd period - Matthew Savoie is hit by Brad Marchand.
19:34 of 3rd period - Cam Atkinson is hit by Brady Tkachuk and loses puck.
Goals for this period are 0 for Hurricanes vs 0 for Senators.
Shots for this period are 4 for Hurricanes vs 14 for Senators.

Overtime #1


0:01 of 1st overtime period - Brady Tkachuk wins face-off versus Sebastian Aho in neutral zone.
0:06 of 1st overtime period - Snap shot by Brady Tkachuk.
0:06 of 1st overtime period - Stopped by Matt Murray with a rebound.
0:16 of 1st overtime period - Snap shot by Sebastian Aho.
0:16 of 1st overtime period - Shot Misses the Net.
0:26 of 1st overtime period - Justin Faulk is hit by Brad Marchand and loses puck.
0:33 of 1st overtime period - Wrist shot by Tim Stutzle.
0:33 of 1st overtime period - Stopped by Matt Murray with a rebound.
0:57 of 1st overtime period - Slapshot by Craig Smith.
0:57 of 1st overtime period - Shot Blocked by Justin Faulk.
0:59 of 1st overtime period - Snap shot by Max Comtois.
0:59 of 1st overtime period - Stopped by Matt Murray without a rebound.
1:00 of 1st overtime period - Brady Tkachuk wins face-off versus Sebastian Aho in Hurricanes zone.
1:53 of 1st overtime period - Robert Thomas is hit by Max Comtois and loses puck.
2:20 of 1st overtime period - Tim Stutzle is hit by Rasmus Sandin and loses puck.
2:47 of 1st overtime period - Cam Atkinson is hit by Ryan Lindgren and loses puck.
4:22 of 1st overtime period - Christopher Tanev is hit by Tim Stutzle and loses puck.
4:37 of 1st overtime period - Snap shot by Nils Hoglander.
4:37 of 1st overtime period - Deflect By Max Comtois.
4:37 of 1st overtime period - Stopped by Matt Murray without a rebound.
4:38 of 1st overtime period - Max Comtois wins face-off versus Sean Kuraly in Hurricanes zone.
4:53 of 1st overtime period - Slapshot by Christopher Tanev.
4:53 of 1st overtime period - Shot Misses the Net.
Goals for this period are 0 for Hurricanes vs 0 for Senators.
Shots for this period are 0 for Hurricanes vs 4 for Senators.

ShootOut


5:00 of 1st overtime period - Round #1.
5:00 of 1st overtime period - Hurricanes, Sebastian Aho.
5:00 of 1st overtime period - Deke by Sebastian Aho.
5:00 of 1st overtime period - Stopped by Sergei Bobrovsky.
5:00 of 1st overtime period - Senators, Brad Marchand.
5:00 of 1st overtime period - Deke by Brad Marchand.
5:00 of 1st overtime period - Shot Misses the Net.
5:00 of 1st overtime period - Round #2.
5:00 of 1st overtime period - Hurricanes, Ondrej Palat.
5:00 of 1st overtime period - Backhand shot by Ondrej Palat.
5:00 of 1st overtime period - Stopped by Sergei Bobrovsky.
5:00 of 1st overtime period - Senators, Brady Tkachuk.
5:00 of 1st overtime period - Snap shot by Brady Tkachuk.
5:00 of 1st overtime period - Stopped by Matt Murray.
5:00 of 1st overtime period - Round #3.
5:00 of 1st overtime period - Hurricanes, Viktor Arvidsson.
5:00 of 1st overtime period - Snap shot by Viktor Arvidsson.
5:00 of 1st overtime period - Goal by Viktor Arvidsson.
5:00 of 1st overtime period - Senators, Jakub Voracek.
5:00 of 1st overtime period - Snap shot by Jakub Voracek.
5:00 of 1st overtime period - Shot Misses the Net.